TOP OF THE 1ST |
Gainesville Guidos batting - Pitching for Montgomery Biscuits : RHP Stanley Briggs
|
Pitching: RHP Stanley Briggs
|
|
Batting: RHB Adrian Prouse
|
0-0: Ball 1-0: Foul Ball, location: 2F 1-1: Swinging Strike 1-2: Ball 2-2: SINGLE (Line Drive, 34D)
|
Batting: LHB Wilford Lush
|
0-0: Ball 1-0: Ground out U3 (Groundball, 3S) Adrian Prouse to second
|
Batting: RHB José Fernández
|
0-0: Ball Adrian Prouse steals 3rd base 1-0: Swinging Strike 1-1: Ball 2-1: Ball 3-1: Foul Ball, location: 2F 3-2: Foul Ball, location: 2F 3-2: Foul Ball, location: 2F 3-2: Base on Balls
|
Batting: LHB Sergio Barrón
|
0-0: Called Strike 0-1: SINGLE (Flyball, 7LS) Adrian Prouse scores José Fernández to second
|
Batting: RHB Victor Andrews
|
0-0: SINGLE (Groundball, 56D) José Fernández to third Sergio Barrón to second
|
Batting: RHB Jason Saunders
|
0-0: Called Strike 0-1: Swinging Strike 0-2: Strikes out looking
|
Batting: RHB Noriyori Ine
|
0-0: Called Strike 0-1: Ball 1-1: Swinging Strike 1-2: Foul Ball, location: 2F 1-2: Foul Ball, location: 2F 1-2: Strikes out swinging
|
Top of the 1st over - 1 run(s), 3 hit(s), 0 error(s), 3 left on base; Gainesville 1 - Montgomery 0 |
BOTTOM OF THE 1ST |
Montgomery Biscuits batting - Pitching for Gainesville Guidos : RHP Pat Wright
|
Pitching: RHP Pat Wright
|
|
Batting: RHB Gabriel Miranda
|
0-0: Called Strike 0-1: Ball 1-1: SINGLE (Groundball, 34D)
|
Batting: RHB Orlando Sánchez
|
0-0: Ball 1-0: Ball 2-0: Ball 3-0: Swinging Strike 3-1: Base on Balls Gabriel Miranda to second
|
Batting: LHB Ben Kelley
|
0-0: Ground out 4-3 (Groundball, 4M) Gabriel Miranda to third Orlando Sánchez to second
|
Batting: RHB Jean-Paul St-Pierre
|
0-0: Foul Ball, location: 2F 0-1: SINGLE (Groundball, 4MD) Gabriel Miranda scores Orlando Sánchez to third Runner from 3rd tries for Home, SAFE, no throw or cutoff
|
Batting: RHB Dave Dawson
|
0-0: DOUBLE (Groundball, 3L) Jean-Paul St-Pierre to third
|
Pinch Runner at 2nd Dave Williams:
|
|
Batting: RHB Pete Smith
|
0-0: Ball 1-0: Fly out, F4 (Popup, 4MD)
|
Batting: LHB António De Los Ángeles
|
0-0: Called Strike 0-1: SINGLE (Groundball, 34) Jean-Paul St-Pierre scores Dave Williams to third Runner from 3rd tries for Home, SAFE, no throw or cutoff
|
Batting: SHB Andrew Curran
|
0-0: Ball 1-0: Swinging Strike 1-1: Ball 2-1: Ball 3-1: Foul Ball, location: 2F 3-2: Strikes out swinging
|
Bottom of the 1st over - 4 run(s), 4 hit(s), 0 error(s), 1 left on base; Gainesville 1 - Montgomery 4 |
TOP OF THE 2ND |
Gainesville Guidos batting - Pitching for Montgomery Biscuits : RHP Stanley Briggs
|
Now at SS: Dave Williams
|
|
Batting: SHB Reynaldo Gallegos
|
0-0: Called Strike 0-1: Ball 1-1: Called Strike 1-2: Ball 2-2: Fly out, F9 (Flyball, 8RM)
|
Batting: LHB Mark Owens
|
0-0: Ball 1-0: SINGLE (Groundball, 56)
|
Batting: RHB Adrian Prouse
|
0-0: Ball 1-0: Fly out, F5 (Popup, 25F)
|
Batting: LHB Wilford Lush
|
0-0: Ball 1-0: Swinging Strike 1-1: Ball 2-1: Ball 3-1: Fly out, F9 (Flyball, 9D)
|
Top of the 2nd over - 0 run(s), 1 hit(s), 0 error(s), 1 left on base; Gainesville 1 - Montgomery 4 |
BOTTOM OF THE 2ND |
Montgomery Biscuits batting - Pitching for Gainesville Guidos : RHP Pat Wright
|
Batting: RHB Juan Flores
|
0-0: Bunt for hit - play at first, batter OUT! 1-3
|
Batting: RHB Gabriel Miranda
|
0-0: Ground out 6-3 (Groundball, 6)
|
Batting: RHB Orlando Sánchez
|
0-0: Swinging Strike 0-1: Fly out, F6 (Popup, 6M)
|
Bottom of the 2nd over - 0 run(s), 0 hit(s), 0 error(s), 0 left on base; Gainesville 1 - Montgomery 4 |
TOP OF THE 3RD |
Gainesville Guidos batting - Pitching for Montgomery Biscuits : RHP Stanley Briggs
|
Batting: RHB José Fernández
|
0-0: Ball 1-0: Called Strike 1-1: Ball 2-1: Ball 3-1: Foul Ball, location: 2F 3-2: Fly out, F8 (Flyball, 8LM)
|
Batting: LHB Sergio Barrón
|
0-0: Ball 1-0: SINGLE (Groundball, 6MD)
|
Batting: RHB Victor Andrews
|
0-0: Ball 1-0: Called Strike 1-1: Reached on error, E1 (Groundball, 23) Sergio Barrón to second
|
Batting: RHB Jason Saunders
|
0-0: Called Strike 0-1: Foul Ball, location: 2F 0-2: Ball 1-2: Ball 2-2: Ground out 5-3 (Groundball, 5S) Sergio Barrón to third Victor Andrews to second
|
Batting: RHB Noriyori Ine
|
0-0: Foul Ball, location: 2F 0-1: Ball 1-1: Ball 2-1: Foul Ball, location: 2F 2-2: Ground out 5-3 (Groundball, 56)
|
Top of the 3rd over - 0 run(s), 1 hit(s), 1 error(s), 2 left on base; Gainesville 1 - Montgomery 4 |
BOTTOM OF THE 3RD |
Montgomery Biscuits batting - Pitching for Gainesville Guidos : RHP Pat Wright
|
Batting: LHB Ben Kelley
|
0-0: Called Strike 0-1: Ball 1-1: Ground out U3 (Groundball, 3L)
|
Batting: RHB Jean-Paul St-Pierre
|
0-0: Ball 1-0: Called Strike 1-1: Ball 2-1: Ground out 6-3 (Groundball, 56)
|
Batting: RHB Dave Williams
|
0-0: Swinging Strike 0-1: Ground out 5-3 (Groundball, 5)
|
Bottom of the 3rd over - 0 run(s), 0 hit(s), 0 error(s), 0 left on base; Gainesville 1 - Montgomery 4 |
TOP OF THE 4TH |
Gainesville Guidos batting - Pitching for Montgomery Biscuits : RHP Stanley Briggs
|
Batting: SHB Reynaldo Gallegos
|
0-0: Ball 1-0: Ball 2-0: Foul Ball, location: 2F 2-1: Called Strike 2-2: Ball 3-2: Fly out, F4 (Line Drive, 4)
|
Batting: LHB Mark Owens
|
0-0: Ball 1-0: Called Strike 1-1: Ground out 6-3 (Groundball, 6)
|
Batting: RHB Adrian Prouse
|
0-0: Ball 1-0: Called Strike 1-1: Foul Ball, location: 2F 1-2: Ball 2-2: Ball 3-2: Base on Balls
|
Batting: LHB Wilford Lush
|
0-0: Called Strike 0-1: Ball 1-1: Called Strike 1-2: Foul Ball, location: 2F 1-2: Ball 2-2: Fly out, F8 (Flyball, 78D)
|
Top of the 4th over - 0 run(s), 0 hit(s), 0 error(s), 1 left on base; Gainesville 1 - Montgomery 4 |
BOTTOM OF THE 4TH |
Montgomery Biscuits batting - Pitching for Gainesville Guidos : RHP Pat Wright
|
Batting: RHB Pete Smith
|
0-0: SINGLE (Line Drive, 3D)
|
Batting: LHB António De Los Ángeles
|
0-0: Ball 1-0: Swinging Strike 1-1: Foul Ball, location: 2F 1-2: SINGLE (Line Drive, 89S) Pete Smith to second
|
Batting: SHB Andrew Curran
|
0-0: Called Strike 0-1: Ball 1-1: Ball 2-1: Called Strike 2-2: Fly out, F7 (Popup, 7S)
|
Batting: RHB Juan Flores
|
0-0: Foul Ball, location: 2F 0-1: Ball 1-1: Called Strike 1-2: Ball 2-2: Grounds into double play, U4-3 (Groundball, 4)
|
Bottom of the 4th over - 0 run(s), 2 hit(s), 0 error(s), 1 left on base; Gainesville 1 - Montgomery 4 |
TOP OF THE 5TH |
Gainesville Guidos batting - Pitching for Montgomery Biscuits : RHP Stanley Briggs
|
Batting: RHB José Fernández
|
0-0: Ball 1-0: Ball 2-0: Foul Ball, location: 2F 2-1: Foul Ball, location: 2F 2-2: Fly out, F7 (Flyball, 7M)
|
Batting: LHB Sergio Barrón
|
0-0: Foul Ball, location: 2F 0-1: Ball 1-1: DOUBLE (Line Drive, 3D)
|
Batting: RHB Victor Andrews
|
0-0: Fly out, F8 (Flyball, 8RM)
|
Batting: RHB Jason Saunders
|
0-0: Swinging Strike 0-1: Ball 1-1: Foul Ball, location: 2F 1-2: Ball 2-2: Ground out 5-3 (Groundball, 5)
|
Top of the 5th over - 0 run(s), 1 hit(s), 0 error(s), 1 left on base; Gainesville 1 - Montgomery 4 |
BOTTOM OF THE 5TH |
Montgomery Biscuits batting - Pitching for Gainesville Guidos : RHP Pat Wright
|
Batting: RHB Gabriel Miranda
|
0-0: Ball 1-0: Fly out, F8 (Flyball, 89M)
|
Batting: RHB Orlando Sánchez
|
0-0: Ball 1-0: Ball 2-0: Called Strike 2-1: Foul Ball, location: 2F 2-2: Ball 3-2: Foul Ball, location: 2F 3-2: Ground out 4-3 (Groundball, 4)
|
Batting: LHB Ben Kelley
|
0-0: Ball 1-0: Called Strike 1-1: Ball 2-1: Fly out, F9 (Flyball, 89XD)
|
Bottom of the 5th over - 0 run(s), 0 hit(s), 0 error(s), 0 left on base; Gainesville 1 - Montgomery 4 |
TOP OF THE 6TH |
Gainesville Guidos batting - Pitching for Montgomery Biscuits : RHP Stanley Briggs
|
Pitching: LHP Steve Billington
|
|
Batting: RHB Noriyori Ine
|
0-0: Ball 1-0: Fly out, F8 (Line Drive, 8LS)
|
Batting: SHB Reynaldo Gallegos
|
0-0: Ball 1-0: Ball 2-0: SINGLE (Line Drive, 56)
|
Batting: LHB Mark Owens
|
0-0: Called Strike 0-1: Ball 1-1: Ball 2-1: Foul Ball, location: 2F 2-2: Strikes out swinging
|
Batting: RHB Adrian Prouse
|
0-0: Ball Reynaldo Gallegos is caught stealing 2nd base
|
Top of the 6th over - 0 run(s), 1 hit(s), 0 error(s), 0 left on base; Gainesville 1 - Montgomery 4 |
BOTTOM OF THE 6TH |
Montgomery Biscuits batting - Pitching for Gainesville Guidos : RHP Pat Wright
|
Batting: RHB Jean-Paul St-Pierre
|
0-0: Called Strike 0-1: Ball 1-1: Fly out, F8 (Flyball, 8LM)
|
Batting: RHB Dave Williams
|
0-0: Ball 1-0: Reached on error, E6 (Groundball, 6)
|
Batting: RHB Pete Smith
|
0-0: Intentional Walk
|
Batting: LHB António De Los Ángeles
|
0-0: Ball Dave Williams steals 3rd base Pete Smith to second 1-0: Ball 2-0: Called Strike 2-1: Ball 3-1: Foul Ball, location: 2F 3-2: Base on Balls
|
Batting: SHB Andrew Curran
|
0-0: Called Strike 0-1: Ball 1-1: Fly out, F8 (Flyball, 78M) Runner from 3rd tags up, SCORES, throw made
|
Batting: RHB Juan Flores
|
0-0: Ball 1-0: Foul Ball, location: 2F 1-1: SINGLE (Line Drive, 9S) Pete Smith to third António De Los Ángeles to second Runner from 3rd tries for Home, SAFE, no throw or cutoff
|
Batting: RHB Gabriel Miranda
|
0-0: Ball 1-0: Swinging Strike 1-1: Ball 2-1: Called Strike 2-2: Ball 3-2: Foul Ball, location: 2F 3-2: Base on Balls António De Los Ángeles to third Juan Flores to second
|
Batting: RHB Orlando Sánchez
|
0-0: Called Strike 0-1: Ball 1-1: Ball 2-1: Fly out, F9 (Flyball, 9LM)
|
Bottom of the 6th over - 2 run(s), 1 hit(s), 1 error(s), 3 left on base; Gainesville 1 - Montgomery 6 |
TOP OF THE 7TH |
Gainesville Guidos batting - Pitching for Montgomery Biscuits : LHP Steve Billington
|
Batting: RHB Adrian Prouse
|
0-0: Ball 1-0: Ball 2-0: Ball 3-0: Base on Balls
|
Batting: LHB Wilford Lush
|
0-0: Ball 1-0: Ball 2-0: Ball 3-0: Base on Balls Adrian Prouse to second
|
Batting: RHB José Fernández
|
0-0: Ball 1-0: Called Strike 1-1: Swinging Strike 1-2: Ground out 5-3 (Groundball, 56S) Adrian Prouse to third Wilford Lush to second
|
Batting: LHB Sergio Barrón
|
0-0: Ball 1-0: Foul Ball, location: 2F 1-1: Foul Ball, location: 2F 1-2: Ball 2-2: Ground out 6-3 (Groundball, 6) Adrian Prouse scores
|
Batting: RHB Victor Andrews
|
0-0: Ball 1-0: Ball 2-0: Foul Ball, location: 2F 2-1: Foul Ball, location: 2F 2-2: Strikes out swinging
|
Top of the 7th over - 1 run(s), 0 hit(s), 0 error(s), 1 left on base; Gainesville 2 - Montgomery 6 |
BOTTOM OF THE 7TH |
Montgomery Biscuits batting - Pitching for Gainesville Guidos : RHP Pat Wright
|
Pitching: LHP Pedro Flores
|
|
Batting: LHB Ben Kelley
|
0-0: Ball 1-0: Ball 2-0: Foul Ball, location: 2F 2-1: Ground out U3 (Groundball, 3L)
|
Batting: RHB Jean-Paul St-Pierre
|
0-0: Foul Ball, location: 2F 0-1: Ball 1-1: Ball 2-1: Ball 3-1: Foul Ball, location: 2F 3-2: Base on Balls
|
Batting: RHB Dave Williams
|
0-0: SINGLE (Line Drive, 8LS) Jean-Paul St-Pierre to second
|
Batting: RHB Pete Smith
|
0-0: Called Strike 0-1: Ball 1-1: Ball 2-1: Foul Ball, location: 2F 2-2: Ball 3-2: Foul Ball, location: 2F 3-2: Foul Ball, location: 2F 3-2: Base on Balls Jean-Paul St-Pierre to third Dave Williams to second
|
Batting: LHB António De Los Ángeles
|
0-0: Grounds into fielders choice 1-2 (Groundball, 15S) Dave Williams to third Pete Smith to second
|
Batting: SHB Andrew Curran
|
0-0: Ball 1-0: Ball 2-0: Ball 3-0: Base on Balls Dave Williams scores Pete Smith to third António De Los Ángeles to second
|
Batting: RHB Juan Flores
|
0-0: Ball 1-0: Ball 2-0: Ball 3-0: Base on Balls Pete Smith scores António De Los Ángeles to third Andrew Curran to second
|
Batting: RHB Gabriel Miranda
|
0-0: Ball 1-0: Ball 2-0: Ball 3-0: Called Strike 3-1: Base on Balls António De Los Ángeles scores Andrew Curran to third Juan Flores to second
|
Pitching: RHP Lance Sanders
|
|
Batting: RHB Orlando Sánchez
|
0-0: Called Strike 0-1: Ball 1-1: TRIPLE (Line Drive, 8LXD) Andrew Curran scores Juan Flores scores Gabriel Miranda scores
|
Batting: LHB Ben Kelley
|
0-0: Called Strike 0-1: Ball 1-1: Ball 2-1: Called Strike 2-2: Ball 3-2: Ground out U3 (Groundball, 3L)
|
Bottom of the 7th over - 6 run(s), 2 hit(s), 0 error(s), 1 left on base; Gainesville 2 - Montgomery 12 |
TOP OF THE 8TH |
Gainesville Guidos batting - Pitching for Montgomery Biscuits : LHP Steve Billington
|
Pitching: RHP Pedro Valdés
|
|
Batting: RHB Jason Saunders
|
0-0: SINGLE (Flyball, 89M)
|
Batting: RHB Noriyori Ine
|
0-0: Ball 1-0: Ball 2-0: Ball 3-0: Base on Balls Jason Saunders to second
|
Batting: SHB Reynaldo Gallegos
|
0-0: Ball 1-0: Foul Ball, location: 2F 1-1: Fly out, F8 (Flyball, 8LXD) Runner from 2nd tags up, SAFE at 3rd, no throw
|
Batting: LHB Mark Owens
|
0-0: Ball 1-0: Foul Ball, location: 2F 1-1: Fly out, F5 (Popup, 5SF)
|
Batting: RHB Adrian Prouse
|
0-0: Ball 1-0: Called Strike 1-1: Called Strike 1-2: Ground out 1-3 (Groundball, 13S)
|
Top of the 8th over - 0 run(s), 1 hit(s), 0 error(s), 2 left on base; Gainesville 2 - Montgomery 12 |
BOTTOM OF THE 8TH |
Montgomery Biscuits batting - Pitching for Gainesville Guidos : RHP Lance Sanders
|
Pinch Hitting: RHB Larry Mitchell
|
0-0: Fly out, F9 (Flyball, 8RXD)
|
Batting: RHB Dave Williams
|
0-0: SINGLE (Groundball, 13S) (infield hit)
|
Batting: RHB Pete Smith
|
0-0: DOUBLE (Popup, 8LS) Dave Williams to third
|
Batting: LHB António De Los Ángeles
|
0-0: Swinging Strike 0-1: Ball 1-1: Ball 2-1: Ball 3-1: Foul Ball, location: 2F 3-2: Foul Ball, location: 2F 3-2: Base on Balls
|
Batting: SHB Andrew Curran
|
0-0: Ball 1-0: Ball 2-0: Ball 3-0: Base on Balls Dave Williams scores Pete Smith to third António De Los Ángeles to second
|
Batting: RHB Juan Flores
|
0-0: SINGLE (Groundball, 5) Pete Smith scores António De Los Ángeles to third Andrew Curran to second Runner from 3rd tries for Home, SAFE, throw made home
|
Batting: RHB Gabriel Miranda
|
0-0: Ball Throwing error on steal attempt, E2 Andrew Curran scores Juan Flores to third 1-0: DOUBLE (Line Drive, 7LM) Juan Flores scores
|
Pitching: RHP Juan Patino
|
|
Batting: RHB Orlando Sánchez
|
0-0: Ball 1-0: Called Strike 1-1: SINGLE (Line Drive, 89S) Gabriel Miranda to third Runner from 3rd tries for Home, SAFE, no throw or cutoff
|
Batting: LHB Ben Kelley
|
0-0: Called Strike 0-1: Swinging Strike 0-2: DOUBLE (Flyball, 89XD) Orlando Sánchez to third
|
Batting: RHB Larry Mitchell
|
0-0: Ball 1-0: Ball 2-0: DOUBLE (Line Drive, 89XD) Orlando Sánchez scores Ben Kelley scores
|
Batting: RHB Dave Williams
|
0-0: Foul Ball, location: 2F 0-1: Foul Ball, location: 2F 0-2: Ball 1-2: Ball 2-2: Ball Passed Ball! Larry Mitchell to third 3-2: Strikes out swinging
|
Batting: RHB Pete Smith
|
0-0: Ground out 6-3 (Groundball, 6)
|
Bottom of the 8th over - 8 run(s), 7 hit(s), 1 error(s), 1 left on base; Gainesville 2 - Montgomery 20 |
TOP OF THE 9TH |
Gainesville Guidos batting - Pitching for Montgomery Biscuits : RHP Pedro Valdés
|
Now at 1B: Larry Mitchell
|
|
Batting: LHB Wilford Lush
|
0-0: Fly out, F8 (Flyball, 8RD)
|
Batting: RHB José Fernández
|
0-0: Called Strike 0-1: Ball 1-1: Foul Ball, location: 2F 1-2: Ball 2-2: Ball 3-2: Base on Balls
|
Batting: LHB Sergio Barrón
|
0-0: Ball 1-0: Ball 2-0: SINGLE (Line Drive, 78S) José Fernández to second
|
Batting: RHB Victor Andrews
|
0-0: Called Strike 0-1: Called Strike 0-2: Ball 1-2: Foul Ball, location: 2F 1-2: Grounds into double play, 4-6-3 (Groundball, 4M)
|
Top of the 9th over - 0 run(s), 1 hit(s), 0 error(s), 1 left on base; Gainesville 2 - Montgomery 20 |
|